Construct Section Command Post
Construct Platoon Command Post
6-pounder Anti-tank Gun Team
Selects Indian Artillery Battlegroup
Selects Artillery Saturation
Selects Off-map Airburst Barrage
Construct Company Command Post
Selects BL5.5 Artillery Emplacement
Unlock M3 Grant Medium Tanks
6-pounder Anti-tank Gun Team
Selects Gurkha Rifles Section
Unlock Towed 17-pounder Anti-tank Guns